AoeStats
← SERÁ U BAGUALL

QS Arena

503278054Analyzed
4v4 RM · 1mo ago on Aug 30, 2026· 37m 49s· 8 players
Game mode
Random Map
Map size
Large (8 player)
Population
200
Speed
Normal
Resources
Standard
Victory
Conquest
Starting age
Dark Age
Ending age
Imperial Age
RankedLock teamsTeams togetherTeam positionsShared explorationLock speedFull tech treeHidden civsTurbo modeCheats
Victory
Defeat
🇧🇷 Magyars · Brazil
1351
+8
🇧🇷 Burmese · Brazil
1293
+11
🇧🇷 Bulgarians · Brazil
1252
+12
🇧🇷 Ethiopians · Brazil
1168
+16
🇨🇦 Wu · Canada
1191
-13
🇧🇷 Huns · Brazil
1182
-12
🇲🇽 Cumans · Mexico
1182
-25
🇺🇸 Bengalis · United States
1130
-10
DropDongHitBong420
6:12 Loom
7:15 Loom
9:04 Feudal Age
10:08 Double-Bit Axe
10:22 Horse Collar
12:59 Castle Age
13:57 Bow Saw
13:49 Heavy Plow
22:25 Gold Mining
22:26 Stone Mining
23:57 Wheelbarrow
23:57 Town Watch
26:06 Hand Cart
25:52 Fletching
26:20 Town Watch
26:39 Town Watch
26:58 Squires
27:39 Town Patrol
27:56 Forging
27:52 Scale Barding Armor
27:42 Bodkin Arrow
27:43 Pikeman
28:15 Arson
30:15 Chain Barding Armor
29:58 Scale Mail Armor
30:34 Iron Casting
30:25 Padded Archer Armor
30:49 Ballistics
30:13 Elite Skirmisher
33:52 Imperial Age
31:43 Chain Mail Armor
31:43 Crossbowman
34:20 Leather Archer Armor
33:54 Halberdier
34:04 Arbalester
34:49 Bracer
35:22 Plate Mail Armor
35:52 Blast Furnace
37:26 Plate Mail Armor
36:21 Halberdier
38:12 Conscription
Bile
8:32 Feudal Age
9:17 Double-Bit Axe
13:36 Castle Age
13:05 Horse Collar
14:59 Loom
18:07 Marauders
24:28 Wheelbarrow
24:08 Heavy Plow
25:50 Bow Saw
28:21 Imperial Age
26:11 Gold Mining
27:24 Scale Barding Armor
27:30 Forging
27:58 Stone Mining
27:56 Town Watch
28:49 Gold Shaft Mining
28:41 Chain Barding Armor
29:31 Iron Casting
29:12 Bloodlines
29:03 Husbandry
28:24 Cavalier
29:43 Conscription
31:07 Fletching
32:18 Blast Furnace
32:10 Plate Barding Armor
32:04 Parthian Tactics
32:24 Thumb Ring
31:59 Elite Skirmisher
33:12 Bodkin Arrow
35:11 Chemistry
35:16 Padded Archer Armor
35:44 Ballistics
hugobsky
2:31 Loom
8:08 Feudal Age
11:33 Double-Bit Axe
16:23 Castle Age
16:22 Horse Collar
17:19 Bow Saw
22:55 Wheelbarrow
22:33 Gold Mining
26:22 Imperial Age
24:51 Scale Barding Armor
24:45 Stone Mining
26:07 Hand Cart
25:38 Town Watch
26:31 Heavy Plow
27:02 Squires
27:26 Chain Barding Armor
27:40 Bloodlines
28:32 Crop Rotation
27:58 Fletching
27:52 Light Cavalry
27:54 Cavalier
27:57 Pikeman
29:03 Bodkin Arrow
33:12 Plate Barding Armor
34:07 Two-Man Saw
32:36 Hussar
35:18 Conscription
JustOutOfRange
7:50 Feudal Age
11:34 Loom
14:07 Castle Age
12:31 Double-Bit Axe
12:30 Horse Collar
13:08 Gold Mining
15:45 Town Watch
16:50 Wheelbarrow
17:24 Stone Mining
21:37 Sanctity
22:32 Scale Barding Armor
22:37 Forging
25:50 Imperial Age
25:10 Bow Saw
25:02 Heavy Plow
25:50 Devotion
26:46 Bloodlines
26:36 Husbandry
27:52 Scale Barding Armor
27:57 Forging
27:58 Paiks
28:58 Chain Barding Armor
28:48 Forging
29:18 Forging
30:10 Conscription
30:12 Fletching
30:22 Padded Archer Armor
30:59 Ballistics
30:49 Masonry
30:11 Pikeman
31:23 Bodkin Arrow
31:28 Padded Archer Armor
31:30 Pikeman
33:44 Squires
33:29 Arson
33:46 Scale Mail Armor
34:21 Iron Casting
36:18 Chain Mail Armor
37:03 Blast Furnace
MAMA YAGA
8:24 Feudal Age
12:08 Castle Age
10:43 Horse Collar
10:55 Double-Bit Axe
11:02 Horse Collar
13:37 Bow Saw
19:05 Heavy Plow
22:36 Wheelbarrow
21:49 Loom
24:28 Hand Cart
24:27 Gold Mining
28:51 Imperial Age
26:49 Scale Barding Armor
26:55 Forging
26:47 Stone Mining
27:40 Chain Barding Armor
27:24 Murder Holes
28:27 Iron Casting
28:35 Bloodlines
28:25 Husbandry
27:45 Light Cavalry
28:55 Cavalier
30:25 Plate Barding Armor
30:55 Blast Furnace
31:45 Ballistics
31:31 Siege Engineers
32:27 Crop Rotation
32:43 Stirrups
32:27 Capped Ram
33:57 Gold Shaft Mining
33:44 Conscription
34:09 Siege Ram
37:58 Chemistry
37:24 Hussar
SERÁ U BAGUALL
8:31 Feudal Age
10:12 Loom
12:47 Castle Age
10:52 Double-Bit Axe
13:01 Horse Collar
13:48 Bow Saw
16:53 Heavy Plow
20:46 Wheelbarrow
21:40 Gold Mining
22:04 Stone Mining
26:37 Imperial Age
25:18 Fletching
25:42 Thumb Ring
26:05 Hand Cart
25:47 Bodkin Arrow
26:01 Padded Archer Armor
26:29 Crossbowman
27:34 Bracer
28:56 Two-Man Saw
27:43 Crossbowman
28:47 Ballistics
30:50 Scale Mail Armor
31:05 Leather Archer Armor
31:52 Conscription
31:36 Royal Heirs
31:18 Arbalester
31:25 Capped Ram
33:10 Chemistry
33:51 Torsion Engines
34:23 Squires
34:56 Ring Archer Armor
34:42 Chain Mail Armor
35:10 Siege Engineers
36:34 Plate Mail Armor
36:14 Forging
36:28 Husbandry
36:34 Scale Barding Armor
35:52 Man-at-Arms
35:57 Light Cavalry
38:28 Chain Barding Armor
TIRA-ONDA
8:19 Feudal Age
9:48 Double-Bit Axe
12:38 Castle Age
11:04 Horse Collar
13:30 Bow Saw
13:21 Heavy Plow
17:26 Fervor
17:30 Loom
18:28 Loom
19:23 Wheelbarrow
19:53 Gold Mining
19:53 Stone Mining
20:12 Town Watch
22:01 Hand Cart
27:22 Imperial Age
25:01 Fletching
25:30 Pikeman
25:55 Arson
26:11 Scale Mail Armor
26:20 Bodkin Arrow
27:10 Chain Mail Armor
27:24 Capped Ram
28:08 Bracer
27:34 Halberdier
28:01 Elite Skirmisher
28:49 Thumb Ring
29:09 Parthian Tactics
31:06 Parthian Tactics
30:54 Padded Archer Armor
31:21 Conscription
31:45 Leather Archer Armor
34:04 Two-Man Saw
33:36 Crop Rotation
32:57 Stone Mining
37:44 Gold Shaft Mining
38:30 Siege Engineers
39:25 Chemistry
38:45 Ballistics
AURA FARMER
8:23 Feudal Age
12:40 Castle Age
10:28 Horse Collar
11:31 Gold Mining
15:10 Loom
18:55 Wheelbarrow
19:34 Heavy Plow
20:44 Gold Shaft Mining
21:47 Hand Cart
21:17 Town Watch
21:41 Stone Mining
23:31 Town Patrol
26:33 Imperial Age
25:31 Scale Barding Armor
25:39 Forging
26:24 Chain Barding Armor
26:27 Bloodlines
26:18 Husbandry
27:33 Iron Casting
27:33 Devotion
28:42 Elite Battle Elephant
30:12 Plate Barding Armor
32:08 Blast Furnace
33:01 Crop Rotation
34:10 Scale Mail Armor
Connection lost

Rejoining the realm…

Still unreachable

The connection could not be restored.

Session expired

The server has moved on; the page needs a fresh start.